 Seeded DCSS version 0.30.0-30-g96aa6591b8 (webtiles) character file.

Game seed: 5262528099854255737 (custom seed)

7 CInkIbrahim the Slasher (level 2, 0/15 HPs)
             Began as a Vine Stalker Gladiator on June 28, 2023.
             Slain by a jackal (2 damage)
             ... on level 1 of the Dungeon.
             The game lasted 00:00:49 (116 turns).

CInkIbrahim the Slasher (Vine Stalker Gladiator)     Turns: 116, Time: 00:00:50

Health: 0/15       AC:  4    Str: 16    XL:     2   Next: 4%
Magic:  0/3        EV: 12    Int:  8    God:
Gold:   34         SH:  0    Dex: 15    Spells: 1/1 levels left

rFire   . . .        a - +0 long sword
rCold   . . .        (no shield)
rNeg    . . .        b - +0 leather armour
rPois   .            c - +0 helmet
rElec   .            (no cloak)
rCorr   .            (no gloves)
SInv    .            (no boots)
Will    .....        (no amulet)
Stlth   +            (no ring)
HPRegen 0.22/turn    (no ring)
MPRegen 0.08/turn

%: guardian spirit
@: no status effects
A: fangs 2, magic shield, antimagic bite, no potion heal 2
a: no special abilities


You were on level 1 of the Dungeon.
You visited 1 branch of the dungeon, and saw 1 of its levels.

You collected 34 gold pieces.

Inventory:

Hand Weapons
 a - a +0 long sword (weapon)
Missiles
 d - 3 throwing nets (quivered)
 e - a javelin
Armour
 b - a +0 leather armour (worn)
 c - a +0 helmet (worn)
Potions
 f - a potion of haste {unknown}


   Skills:
 - Level 1.7 Fighting
 + Level 3.2 Long Blades
 - Level 1.7 Throwing
 - Level 2.4 Dodging


You had one spell level left.
You didn't know any spells.
Your spell library was empty.

Dungeon Overview and Level Annotations

Branches:
Dungeon (1/15)

Altars:


Innate Abilities, Weirdness & Mutations

You have extremely sharp teeth.
When hurt, damage is shared between your health and your magic reserves.
Your bite disrupts and absorbs the magic of your enemies.
Potions cannot restore your health.


Message History

You kill the rat!
The goblin barely misses you.
You have reached level 2!
There are monsters nearby!
You are too injured to fight recklessly!
There are monsters nearby!
You are too injured to fight recklessly!
There are monsters nearby!
You are too injured to fight recklessly!
You are too injured to fight recklessly!
You are too injured to fight recklessly!
You are too injured to fight recklessly!
You are too injured to fight recklessly!
You are too injured to fight recklessly!
You are too injured to fight recklessly!
You are too injured to fight recklessly!
You closely miss the goblin. The goblin hits you with a +0 dagger.
You closely miss the goblin. The goblin hits you with a +0 dagger.
* * * LOW HITPOINT WARNING * * *
You closely miss the goblin. Your bite misses the goblin.
The goblin hits you with a +0 dagger.
* * * LOW HITPOINT WARNING * * *
You barely miss the goblin. You bite the goblin, but do no damage.
The goblin hits you but does no damage.
You barely miss the goblin. Your bite misses the goblin.
The goblin barely misses you. The goblin misses you.
You closely miss the goblin. Your bite misses the goblin.
The goblin hits you with a +0 dagger.
* * * LOW HITPOINT WARNING * * *
You closely miss the goblin. The goblin barely misses you.
You hit the goblin.
The goblin is moderately wounded.
The goblin barely misses you.
You miss the goblin. You bite the goblin.
You kill the goblin!
Unknown command.
You hit the goblin.
You kill the goblin!
The jackal bites you.
You die...

#.##### #...).# #@#
####h# #...w#
###.##.# ..
#....#.# .#
#######.....####...
.#
#..................
.#
#.######.......r.h.
.# #.#
#......~....g..


You could see a dart slug and a jackal.

Vanquished Creatures
  An endoplasm (D:1)
  A giant cockroach (D:1)
  A jackal (D:1)
  4 goblins (D:1)
  A rat (D:1)
8 creatures vanquished.

Notes
Turn   | Place    | Note
-------+----------+-------------------------------------------
     0 | D:1      | CInkIbrahim the Vine Stalker Gladiator began the quest for
                  | the Orb.
     0 | D:1      | Reached XP level 1. HP: 11/11 MP: 2/2
   104 | D:1      | Reached skill level 3 in Long Blades
   107 | D:1      | Reached XP level 2. HP: 5/15 MP: 3/3
   116 | D:1      | Slain by a jackal

Illustrated notes

Levels and vault maps discovered:
D:1:      scummos_arrival_simple_crosswalls, layout_basic, serial_shops, shop,
          skrybe_limestone_x

Skill      XL: |  1 |
---------------+----+-----
Long Blades    | 3 |  3.2
Fighting       | |  1.7
Throwing       | |  1.7
Dodging        | |  2.4

Action                     || total
---------------------------++-------
  Melee: Long sword        ||    24
         Bite              ||     7
 Armour: Leather armour    ||     5
  Dodge: Dodged            ||    14
